 Dungeon Crawl Stone Soup version 0.27.1-34-g3ba077fa99 (webtiles) character file.

Game seed: 11725752748079840252

38 fishdoom the Skirmisher (level 3, 0/29 HPs)
             Began as a Demonspawn Abyssal Knight on Jan 21, 2022.
             Was a Believer of Lugonu.
             Splashed by a jelly's acid (9 damage)
             ... on level 3 of the Dungeon.
             The game lasted 00:05:55 (1377 turns).

fishdoom the Skirmisher (Demonspawn Abyssal Knight) Turns: 1377, Time: 00:05:56

Health: 0/29       AC:  3    Str: 19    XL:     3   Next: 25%
Magic:  5/5        EV: 11    Int: 13    God:    Lugonu [**....]
Gold:   66         SH:  0    Dex: 12    Spells: 1/2 levels left

rFire    . . .     SeeInvis .   a - +1 spear
rCold    . . .     Faith    .   (no shield)
rNeg     . . .     Spirit   .   b - +0 leather armour
rPois    .         Reflect  .   (helmet restricted)
rElec    .         Harm     .   (no cloak)
rCorr    .         Rampage  .   (no gloves)
Will     .....                  (no boots)
Stlth    +.........             (no amulet)
HPRegen  0.09/turn              d - +6 ring of strength
MPRegen  0.09/turn              (no ring)

@: no status effects
A: horns 1, demonic magic 1
a: Renounce Religion, Depart the Abyss, Bend Space


You were on level 3 of the Dungeon.
You worshipped Lugonu.
Lugonu was pleased with you.
You visited 1 branch of the dungeon, and saw 3 of its levels.
You visited the Abyss 1 time.

You collected 66 gold pieces.

Inventory:

Hand Weapons
 a - a +1 spear (weapon)
Armour
 b - a +0 leather armour (worn)
 h - a +0 helmet
Jewellery
 d - a +6 ring of strength (left hand)
Scrolls
 c - 2 scrolls of teleportation {unknown}
 e - a scroll of enchant armour {unknown}
 g - a scroll of magic mapping {unknown}
Potions
 f - a potion of curing {unknown}


   Skills:
 + Level 3.6 Fighting
 * Level 2.3 Polearms
 + Level 2.1 Armour
 + Level 0.9 Dodging
 * Level 2.8 Invocations


You had one spell level left.
You knew the following spells:

 Your Spells              Type           Power      Damage    Failure   Level
a - Foxfire               Conj/Fire      0%         2x1d4     36%         1

Your spell library contained the following spells:

 Spells                   Type           Power      Damage    Failure   Level
 Conjure Flame            Conj/Fire      0%         6-21      73%         3
 Inner Flame              Hex/Fire       0%         N/A       73%         3


Dungeon Overview and Level Annotations

Branches:
Dungeon (3/15)

Altars:


Innate Abilities, Weirdness & Mutations

You have a pair of small horns on your head.
Spells you cast may paralyse adjacent enemies.


Message History

You hit the dart slug but do no damage.
You headbutt the dart slug, but do no damage.
The dart slug is moderately wounded.
You hit the dart slug. You headbutt the dart slug.
The dart slug is almost dead.
The dart slug completely misses you.
You hit the dart slug.
You kill the dart slug!
Lugonu accepts your kill.
Your magical contamination has completely faded away.
Done exploring.
Done exploring.
(D) Dungeon
Where to? (Enter - D:2, ? - help)
There is a stone staircase leading down here.
You climb downwards.
There is a stone staircase leading up here.
Found 19 gold pieces.
A jelly comes into view.
The jelly quivers.
A jelly is nearby!
You see here 19 gold pieces.
Casting: Foxfire (safe; 36% risk of failure)
Confirm with . or Enter, or press ? or * to list all spells.
You don't know that spell.
Press: ? - help, v - describe, . - travel The floor.
You hit the jelly.
Your hands burn!
The jelly is moderately wounded.
The jelly barely misses you.
You hit the jelly.
Your hands burn!
The jelly is heavily wounded.
The jelly barely misses you.
You hit the jelly.
Your hands burn!
The jelly is severely wounded.
The jelly hits you.
You are splashed with acid!
You barely miss the jelly.
The jelly is severely wounded.
The jelly hits you.
You are splashed with acid!
You die...

#########
#$@J....#
#.#####.#
#.# #.# ##
#.# . #.#
.#
##.##.##.#
#........#
#..<.....#


You could see a jelly.

Vanquished Creatures
  An adder (D:2)
  A dart slug (D:2)
  4 bats
  2 endoplasms
  A giant cockroach (D:1)
  4 goblins
  2 hobgoblins (D:1)
  3 jackals (D:1)
  3 frilled lizards (D:2)
  3 kobolds
  A rat (D:1)
25 creatures vanquished.

Vanquished Creatures (others)
  4 foxfires (D:2)
4 creatures vanquished.

Grand Total: 29 creatures vanquished

Notes
Turn   | Place    | Note
-------+----------+-------------------------------------------
     0 | Abyss:1  | fishdoom the Demonspawn Abyssal Knight began the quest for
                  | the Orb.
     0 | Abyss:1  | Reached XP level 1. HP: 18/18 MP: 2/2
    36 | D:1      | Escaped the Abyss
   397 | D:1      | Gained mutation: Spells you cast may paralyse adjacent
                  | enemies. [demonic ancestry]
   397 | D:1      | Reached XP level 2. HP: 24/24 MP: 3/3
   500 | D:1      | Found a faded altar of an unknown god.
   727 | D:1      | Reached ** piety under Lugonu
  1050 | D:2      | Gained mutation: You have a pair of small horns on your
                  | head. [demonic ancestry]
  1050 | D:2      | Reached XP level 3. HP: 26/29 MP: 3/5
  1106 | D:2      | Learned a level 1 spell: Foxfire
  1377 | D:3      | Splashed by a jelly's acid

Illustrated notes

Levels and vault maps discovered:
D:1:      eino_arrival_cavern_d, layout_rooms,
          dreamdust_ecumenical_altar_angels_and_demons
D:2:      layout_basic, minmay_cupped
D:3:      layout_loops_corners, lemuel_round_altar, kennysheep_okawaru_gauntlet,
          uniq_jessica, uniq_ijyb

Skill      XL: |  1  2 |
---------------+-------+-----
Armour         | 2 |  2.1
Polearms       | 2 |  2.3
Fighting       | |  3.6
Dodging        | |  0.9
Invocations    | |  2.8

Action                   || total
-------------------------++-------
Melee: Spear             ||    64
       Headbutt          ||     2
 Cast: Foxfire           ||     3
Armor: Leather armour    ||    13
Dodge: Dodged            ||    49
